 Dungeon Crawl Stone Soup version 0.17-a0-1570-g74b7129 (webtiles) character file.

53 volk64 the Charmwright (level 3, 0/27 HPs)
             Began as a Demonspawn Skald on July 23, 2015.
             Slain by a gnoll
             ... wielding a +0 spear
              (11 damage)
             ... on level 2 of the Dungeon.
             The game lasted 00:08:33 (1647 turns).

volk64 the Charmwright (Demonspawn Skald)           Turns: 1647, Time: 00:08:33

Health: 0/27       AC:  3    Str: 13    XL:     3   Next: 62%
Magic:  2/6        EV: 11    Int: 13    God:
Gold:   43         SH:  0    Dex: 12    Spells: 2 memorised, 3 levels left

rFire  . . .     SeeInvis .     j - +0 spear
rCold  . . .     Clarity  .     b - +0 leather armour
rNeg   . . .     SustAt   .     (no shield)
rPois  .         Gourm    .     (no helmet)
rElec  .         Spirit   .     (no cloak)
rCorr  .         Warding  .     (no gloves)
rMut   .         Stasis   .     (no boots)
MR     .....                    (no amulet)
Stlth  +.........               (no ring)
                                (no ring)

@: infused, singing, not resistant to hostile enchantments, very unstealthy
A: hooves 1, powered by pain 1
a: Stop Singing


You were on level 2 of the Dungeon.
You were hungry.

You visited 1 branch of the dungeon, and saw 2 of its levels.

You collected 43 gold pieces.

Inventory:

Hand weapons
 a - a +0 hand axe
 j - a +0 spear (weapon)
Missiles
 g - 12 bolts of flame
 h - 7 tomahawks (quivered)
 n - 50 bolts
Armour
 b - a +0 leather armour (worn)
Jewellery
 k - an uncursed amulet of warding {unknown}
Scrolls
 i - a scroll of fear {unknown}
 l - a scroll of remove curse
Potions
 e - a potion of heal wounds
 f - 2 potions of curing {unknown}
 m - 2 potions of degeneration {unknown}
 o - a potion of haste {unknown}
Books
 c - a book of Battle

   Spells                             Type                      Level
   a - Infusion                       Charms                       1
   b - Shroud of Golubria             Charms/Translocation         2
   c - Song of Slaying                Charms                       2
   d - Spectral Weapon                Hexes/Charms                 3
   e - Regeneration                   Charms/Necromancy            3
Comestibles
 d - 2 bread rations


   Skills:
 + Level 2.2 Fighting
 + Level 2.0 Axes
 + Level 1.2 Armour
 + Level 1.5 Dodging
 + Level 0.2 Stealth
 + Level 2.4 Spellcasting
 + Level 3.1 Charms


You had 3 spell levels left.
You knew the following spells:

 Your Spells              Type           Power        Failure   Level  Hunger
a - Infusion              Chrm           #.....       12%         1    #......
b - Song of Slaying       Chrm           #.......     14%         2    ###....


Dungeon Overview and Level Annotations

Branches:
Dungeon (2/15)

Altars:
Gozag


Innate Abilities, Weirdness & Mutations

You have large cloven feet.
You sometimes gain a little power by taking damage.


Message History

You start singing a song of slaying.
The gnoll barely misses you.
Casting: Song of Slaying
Confirm with . or Enter, or press ? or * to list all spells.
You begin infusing your attacks with magical energy.
The gnoll closely misses you. The gnoll hits you.
You are feeling hungry.
You hit the gnoll.
The gnoll is heavily wounded.
The gnoll hits you from afar with a spear!
The gnoll completely misses you.
You hit the gnoll.
You kill the gnoll!
The gnoll closely misses you. The gnoll hits you with a spear.
The gnoll barely misses you.
You see here a blackened diamond ring.
You closely miss the gnoll.
The gnoll hits you from afar with an enchanted spear.
The gnoll closely misses you.
You closely miss the gnoll. The gnoll hits you with a spear!
You die...

###...#.###### ..
.............. >.
###.....#####. gg
#.#.....#... #.
#.#...#.#.##
#g#.#####.###.#.#...
#.#.................
#.#######.###.#<##.#
#gg@......# #.#.#...
########### #.#....#
#.###### #.......
########


You could see 2 gnolls.

Vanquished Creatures
  An adder (D:2)
  A gnoll (D:2)
  An ooze (D:2)
  A giant gecko (D:2)
  5 bats
  5 goblins (D:1)
  3 hobgoblins (D:1)
  3 jackals (D:1)
  2 giant newts (D:1)
  5 kobolds
  5 rats (D:1)
32 creatures vanquished.

Vanquished Creatures (others)
  4 toadstools (D:1)
4 creatures vanquished.

Grand Total: 36 creatures vanquished

Notes
Turn   | Place    | Note
--------------------------------------------------------------
     0 | D:1      | volk64 the Demonspawn Skald began the quest for the Orb.
     0 | D:1      | Reached XP level 1. HP: 16/16 MP: 3/3
   149 | D:1      | Reached skill level 3 in Charms
   411 | D:1      | Gained mutation: You sometimes gain a little power by taking damage. [demonic ancestry]
   411 | D:1      | Reached XP level 2. HP: 16/22 MP: 5/5
   668 | D:1      | Reached skill level 1 in Dodging
   725 | D:1      | Learned a level 2 spell: Song of Slaying
   765 | D:1      | Reached skill level 1 in Armour
  1219 | D:2      | Gained mutation: You have large cloven feet. [demonic ancestry]
  1219 | D:2      | Reached XP level 3. HP: 20/27 MP: 6/6
  1242 | D:2      | Found an opulent altar of Gozag.
  1647 | D:2      | Slain by a gnoll

Vault maps used:
D:1:      ldierk_walled_garden_2, minmay_box_of_dots
D:2:      grunt_gozag_statues, first_bread

Action                   || total
-------------------------++-------
Melee: Hand axe          ||    52
       Spear             ||    47
 Cast: Infusion          ||     3
       Song of Slaying   ||     1
  Use: Scroll            ||     3
  Eat: Chunk             ||     2
